 Dungeon Crawl Stone Soup version 0.28-a0-730-g892d06dc2c (webtiles) character file.

Game seed: 16408263131656444730

32 porpoise the Digger (level 3, 0/19 HPs)
             Began as a Gargoyle Earth Elementalist on Oct 29, 2021.
             Killed by divine providence
             ... invoked by an orc priest
              (11 damage)
             ... on level 2 of the Dungeon.
             The game lasted 00:04:14 (1269 turns).

porpoise the Digger (Gargoyle Earth Elementalist)   Turns: 1269, Time: 00:04:15

Health: 0/19       AC:  5    Str: 11    XL:     3   Next: 25%
Magic:  11/16      EV: 11    Int: 16    God:
Gold:   76         SH:  0    Dex: 10    Spells: 6/7 levels left

rFire   . . .      SeeInvis .   a - +0 rapier
rCold   . . .      Faith    .   (no shield)
rNeg    + . .      Spirit   .   b - +0 robe
rPois   ∞          Reflect  .   (no helmet)
rElec   +          Harm     .   (no cloak)
rCorr   .          Rampage  .   (no gloves)
Will    .....                   (no boots)
Stlth   ++........              (no amulet)
HPRegen 0.06/turn               i - ring of magical power
MPRegen 0.15/turn               (no ring)

@: no status effects
A: sickness immunity, AC +3, negative energy resistance 1, electricity
resistance, torment resistance 1, petrification resistance
a: no special abilities


You were on level 2 of the Dungeon.
You visited 1 branch of the dungeon, and saw 2 of its levels.

You collected 76 gold pieces.

Inventory:

Hand Weapons
 a - a +0 rapier (weapon)
Missiles
 c - 51 stones
Armour
 b - a +0 robe (worn)
Jewellery
 i - a ring of magical power (left hand)
Scrolls
 d - 2 scrolls of noise {unknown}
 e - a scroll of identify {unknown}
 f - a scroll of silence {unknown}
Potions
 g - 2 potions of heal wounds {unknown}
 h - a potion of brilliance {unknown}


   Skills:
 - Level 1.5 Dodging
 - Level 2.1 Stealth
 + Level 2.7 Spellcasting
 - Level 0.7 Transmutations
 + Level 4.4 Earth Magic


You had 6 spell levels left.
You knew the following spells:

 Your Spells              Type           Power      Damage    Failure   Level
a - Sandblast             Erth           32%        2d9       3%          1

Your spell library contained the following spells:

 Spells                   Type           Power      Damage    Failure   Level
 Passwall                 Tmut/Erth      8%         N/A       10%         2
 Stone Arrow              Conj/Erth      18%        3d8       22%         3
 Petrify                  Tmut/Erth      10%        N/A       54%         4


Dungeon Overview and Level Annotations

Branches:
Dungeon (2/15)

Altars:

Shops:
D:1 ?((


Innate Abilities, Weirdness & Mutations

You are immune to sickness and miasma.
Your stone body is resilient. (AC +3)
You are immune to poison.
You resist negative energy. (rN+)
You are resistant to electric shocks. (rElec)
You are resistant to unholy torment.
You are immune to petrification.


Message History

Aiming: Sandblast (safe; 3% risk of failure)
Press: ? - help, Shift-Dir - straight line, f - goblin
Aim: a goblin, wielding a +0 dagger (heavily wounded, 74% to hit)
The blast of sand hits the goblin.
You kill the goblin!
Casting: Sandblast (safe; 3% risk of failure)
Confirm with . or Enter, or press ? or * to list all spells.
Aiming: Sandblast (safe; 3% risk of failure)
Press: ? - help, Shift-Dir - straight line, f - orc
Aim: an orc, wielding a +0 short sword and wearing a +0 ring mail (82% to hit)
The blast of sand hits the orc but does no damage.
The orc hits you but does no damage.
Casting: Sandblast (safe; 3% risk of failure)
Confirm with . or Enter, or press ? or * to list all spells.
Aiming: Sandblast (safe; 3% risk of failure)
Press: ? - help, Shift-Dir - straight line, f/p - orc
Aim: an orc, wielding a +0 short sword and wearing a +0 ring mail (82% to hit)
The blast of sand misses the orc.
The blast of sand hits the orc priest!
The orc priest is severely wounded.
An orc comes into view. It is wielding a +0 whip.
The orc barely misses you.
Casting: Sandblast (safe; 3% risk of failure)
Confirm with . or Enter, or press ? or * to list all spells.
Aiming: Sandblast (safe; 3% risk of failure)
Press: ? - help, Shift-Dir - straight line, f/p - orc
Aim: an orc, wielding a +0 short sword and wearing a +0 ring mail (82% to hit)
The blast of sand hits the orc.
The orc is heavily wounded.
The orc closely misses you.
Casting: Sandblast (safe; 3% risk of failure)
Confirm with . or Enter, or press ? or * to list all spells.
Aiming: Sandblast (safe; 3% risk of failure)
Press: ? - help, Shift-Dir - straight line, f - orc priest, p - orc
Aim: an orc priest, wielding a +0 hand axe (severely wounded, 79% to hit)
The blast of sand hits the orc but does no damage.
The orc is heavily wounded.
The orc priest mumbles some strange prayers to Beogh against you.
Beogh smites you!
Ouch! That really hurt!
You die... ....# ...# . ...# #. ..# #. oo#

#######. #o#
#....##. #o#
#....##.
#@#########....##.
#.........'.......
.###########....##†
.....†[....<..####.
.########...#.#....
#...#.#.###
#...#.#.# ##.##...#
..######


You could see an orc priest and 3 orcs.

Vanquished Creatures
  3 dart slugs
  4 bats (D:1)
  3 endoplasms (D:1)
  A giant cockroach (D:1)
  4 goblins
  2 hobgoblins (D:1)
  3 kobolds (D:1)
  A ball python (D:2)
  2 frilled lizards
  A rat (D:1)
24 creatures vanquished.

Notes
Turn   | Place    | Note
-------+----------+-------------------------------------------
     0 | D:1      | porpoise the Gargoyle Earth Elementalist began the quest
                  | for the Orb.
     0 | D:1      | Reached XP level 1. HP: 10/10 MP: 3/3
    77 | D:1      | Found a faded altar of an unknown god.
   148 | D:1      | Found Duatzeu's Antique Weapon Emporium.
   217 | D:1      | Found Fiam's Magic Scroll Shop.
   223 | D:1      | Reached XP level 2. HP: 15/15 MP: 5/5
   226 | D:1      | Reached skill level 4 in Earth Magic
   813 | D:1      | Found Losy's Antique Weapon Boutique.
   822 | D:1      | Reached XP level 3. HP: 19/19 MP: 6/6
  1269 | D:2      | Killed from afar by an orc priest

Illustrated notes

Levels and vault maps discovered:
D:1:      dpeg_arrival_short_road, layout_basic,
          shapermc_ecumenical_altar_pompeii, serial_shops, shop,
          nicolae_square_shop, nicolae_shop_stone, minmay_misc_feat_plants,
          chequers_serial_rivers_small_3, feat_on_display
D:2:      layout_basic

Skill      XL: |  1  2 |
---------------+-------+-----
Earth Magic    | 4 |  4.4
Dodging        | |  1.5
Stealth        | |  2.1
Spellcasting   | |  2.7
Transmutations | |  0.7

Action                   || total
-------------------------++-------
Melee: Rapier            ||    46
 Cast: Sandblast         ||    13
 Stab: Sleeping          ||     3
Armor: Robe              ||    21
Dodge: Dodged            ||    32

Table legend: (Time is in decaauts)
 A = Elapsed time spent in this place.
 B = Non-inter-level travel time spent in this place.
 C = Inter-level travel time spent in this place.
 D = Time resting spent in this place.
 E = Time spent auto-exploring this place.
 F = Levels seen in this place.
 G = Mean time per level.
                   A        B        C        D        E       F      G
               +--------+--------+--------+--------+--------+-----+--------+
         Total |   1282 |   1247 |     35 |    519 |    495 |   2 |  641.0 |
       Dungeon |   1282 |   1247 |     35 |    519 |    495 |   2 |  641.0 |
               +--------+--------+--------+--------+--------+-----+--------+

Top non-repeatable levels by time:
     D:1: 1201 daAuts
     D:2: 81 daAuts
